Construct Infanterie Kompanie
Selects Luftwaffe Battlegroup
Selects Luftwaffe Pioneer Support
Selects Reconnaissance Run
Construct Luftwaffe Kompanie
Flak 30 Anti-aircraft Gun Team
Selects Fallschirmjäger Squad Paradrop
Selects LG40 Recoilless Gun Paradrop
Fallschirmjäger Squad Paradrop
Infanterie Officer Quarters
Marder III M Tank Destroyer
Luftwaffe Officer Quarters
Construct Panzer Kompanie
Selects Infantry Reserves
Marder III M Tank Destroyer
Fallschirmpioneer Squad Paradrop